watermosaic, neutral female human Cavewoman ------------- |...........+ |...........| |...........-# -----------.- # ---.------- ### |.........| # |.....`...|### #i##### |..........####---.------@--- |....<{...|####.........>....#### ----------- # |%%..........| .......^.....| |.......%....| -------------- watermosaic the Aborigine Experience level: 4 Strength: 18/06 Dexterity: 13 Constitution: 15 Intelligence: 7 Wisdom: 8 Charisma: 9 Health: 0(38) Energy: 15(15) Def: 2 Gold: 530 Moves: 2563 Dungeon seed: 26PEg4fsJ9JbGtbX Game ID: watermosaic_1554810084 Your Inventory: Coins $ - 530 gold pieces Weapons a - a +1 club b - a +2 sling (alternate weapon; not wielded) j - a +0 elven dagger E - a +0 morning star (weapon in hand) Armor q - a blessed +0 leather armor (being worn) y - an uncursed +0 orcish helm z - a blessed +0 elven mithril-coat Comestibles t - an uncursed food ration C - 2 uncursed candy bars Scrolls A - an uncursed scroll of identify Spellbooks w - an uncursed spellbook of magic missile Potions F - an uncursed potion of extra healing Rings i - an uncursed +1 ring of increase damage v - an uncursed +3 ring of protection Wands u - a wand of make invisible (0:6) x - a wand of lightning (0:4) G - a wand of magic missile (0:6) Tools D - an uncursed towel Gems e - 13 uncursed flint stones n - 29 uncursed rocks r - 2 uncursed agate stones Spells and supernatural/magical abilities: Name Level Category Fail Memory W - pray for help -- divine ? -- Your skills at the end: Fighting Skills bare handed combat [Basic] Weapon Skills club [Basic] sling [Basic] Spellcasting Skills Final Attributes: You were devoutly aligned. You were telepathic. You are dead. Vanquished creatures: a floating eye an orc zombie 2 iguanas a hobbit a large kobold a giant rat 6 garter snakes 2 gnome zombies 3 jackals a kobold 2 goblins 4 grid bugs 2 lichens 2 kobold zombies 12 newts 41 creatures vanquished. Voluntary challenges: You used a wielded weapon 40 times, starting on turn 17. You read items or engraved 1 time, starting on turn 140. You never genocided any monsters. You never polymorphed an object. You never changed form. You used no wishes. You never split a pudding. You never wrote Elbereth's name. You violated your moral code, losing 10 points of alignment, starting on turn 2340. Dungeon overview: The Dungeons of Doom: levels 1 to 6 Level 1 a long staircase Level 2 a fountain Level 3 a fountain Level 4 a fountain a long staircase Level 5 some fountains, a sink Level 6 <- You were here a fountain History has recorded: On T:1 you entered the Dungeons of Doom to retrieve the Amulet of Yendor! On T:406 you reached level 2 of The Dungeons of Doom. On T:407 you advanced to experience level 2. On T:947 you reached level 3 of The Dungeons of Doom. On T:1094 you advanced to experience level 3. On T:1472 you reached level 4 of The Dungeons of Doom. On T:1884 you reached level 5 of The Dungeons of Doom. On T:1957 you advanced to experience level 4. On T:2311 you reached level 6 of The Dungeons of Doom. Score breakdown: Gold: 530 ( 9269 points) Experience: 4 levels ( 9649 points) Exploration: 6 levels ( 12.50%) ( 9784 points) Discoveries: 1 item ( 0.33%) ( 1734 points) Valuables value: (no points given unless you survive) Artifact value: 0 ( 0 points) Variety of kills: 15 monsters ( 3.94%) ( 5952 points) Turncount: 2563 turns ( -367 points) Survival: died (score multiplied by 80%) Total score: 28816 Latest messages: The homunculus bites! You are put to sleep! It bites! (3x) The combat suddenly awakens you. You miss the homunculus. The homunculus bites! You miss the homunculus. The homunculus bites! You are put to sleep! It bites! (3x) You wake up. You miss the homunculus. The homunculus bites! You miss the homunculus. The homunculus bites! You are put to sleep! It bites! (5x) You wake up. The homunculus bites! (3x) You hear bubbling water. The homunculus bites! (2x) You die... Final status: Goodbye watermosaic the Cavewoman, killed by a homunculus... You died in The Dungeons of Doom on dungeon level 6 with 28816 points, and 530 pieces of gold, after 2563 moves. You were level 4 with a maximum of 38 hit points when you died.